Cogmind - Beta 14 @@@ ROGUE MODE // 2024.09.02 @ 05:09:40 Player: Helstads_dog Result: Destroyed by D-53 Grenadier with Mini Grenade Launcher Performance ------------- Evolutions (0) 0 Regions Visited (4) 800 Robots Destroyed (29) 145 Value Destroyed (519) 519 Prototype IDs (31) 620 Alien Tech Used (0) 0 Bonus (348) 348 TOTAL SCORE: 2432 Bonus ------- Follower Combat Kills 60 Aligned with FarCom 300 Friendly Fire -12 Cogmind --------- Core Integrity 0/250 Matter 260/300 Energy 48/250 System Corruption 0% Temperature Hot (262) Movement Treading (240) Ox1 Location -9/Mines Parts ------- > --- POWER (1) -------- Ion Engine > --- PROPULSION (2) --- Light Treads Light Treads > --- UTILITY (2) ------ Large Storage Unit Medium Reactive Plating > --- WEAPON (2) ------- (None) > --- INVENTORY (15) --- Ion Engine Improved Ion Engine Light Treads Heat Sink Light Armor Plating Medium Laser Medium Laser Small Laser Heavy Laser Improved EM Pulse Cannon Plasma Cannon Mining Claw Peak State ------------ > --- POWER ------------ Light Ion Engine > --- PROPULSION ------- Light Treads Light Treads > --- UTILITY ---------- Decoy Drone Bay > --- WEAPON ----------- Beam Cannon Light Assault Rifle > --- INVENTORY -------- Ion Engine Light Treads Heat Sink Signal Interpreter Medium Laser [Rating: 19] Favorites ----------- Power Light Ion Engine Engine Light Ion Engine Propulsion Light Treads Treads Light Treads Leg Aluminum Leg Utility Large Storage Unit Device Sensor Array Storage Large Storage Unit Processor Signal Interpreter Protection Light Armor Plating Weapon Light Assault Rifle Energy Gun EM Pulse Gun Energy Cannon Beam Cannon Ballistic Gun Light Assault Rifle Launcher Grenade Launcher Build | -11 -10 -10 -10 -9 ------- Run | Yrd Mat Min Exi Min Slots Evolved . | . . . . . Power . | . . . . . Propulsion . | . . . . . Utility . | . . . . . Weapon . | . . . . . Parts Attached 42 | 6 18 10 . 8 Power 4 | 1 1 . . 2 Engine 4 | 1 1 . . 2 Core . | . . . . . Reactor . | . . . . . Propulsion 7 | 2 4 . . 1 Treads 4 | . 3 . . 1 Leg 3 | 2 1 . . . Wheel . | . . . . . Hover . | . . . . . Flight . | . . . . . Utility 14 | 1 4 6 . 3 Device 3 | . 2 1 . . Storage 3 | 1 1 1 . . Processor 1 | . . 1 . . Hackware . | . . . . . Protection 7 | . 1 3 . 3 Artifact . | . . . . . Weapon 17 | 2 9 4 . 2 Energy Gun 5 | 1 2 2 . . Energy Cannon 2 | . 1 . . 1 Ballistic Gun 6 | 1 3 2 . . Ballistic Cannon . | . . . . . Launcher 4 | . 3 . . 1 Special Weapon . | . . . . . Impact Weapon . | . . . . . Slashing Weapon . | . . . . . Piercing Weapon . | . . . . . Special Melee Weapon . | . . . . . Unidentified Prototypes 1 | . . 1 . . Parts Lost 5 | . . 1 . 4 Power . | . . . . . Propulsion 1 | . . . . 1 Utility 1 | . . . . 1 Weapon 3 | . . 1 . 2 Highest Loss Streak 4 | . . 1 . 4 To Critical Strikes . | . . . . . Average Slot Usage (%) 99 | . 97 99 100 99 Engine 14 | . 14 14 14 14 Treads 25 | . 20 28 28 28 Leg 2 | . 7 . . . Device 1 | . 4 . . . Storage 13 | . 14 13 14 14 Processor 4 | . . . 14 6 Protection 7 | . 7 12 . 7 Energy Gun 9 | . 9 6 14 7 Energy Cannon 4 | . 4 7 . 6 Ballistic Gun 13 | . 13 13 14 14 Peak Build Rating 19 | 6 8 19 9 16 Average Rating 8 | 4 7 8 8 12 On Entrance 6 | . 6 8 8 9 Naked Turns . | . . . . . Heaviest Build 50 | 12 30 30 26 50 Greatest Support 40 | 20 40 40 40 40 Greatest Overweight (x) 3 | 3 . . . 1 Average Overweight (x) . | . . . . . Largest Inventory Capacity 15 | 8 15 15 15 15 Average Capacity 14 | 7 13 14 15 15 Most Carried 15 | 4 11 13 13 15 Average Carried 10 | 1 7 11 12 13 Final Capacity 15 | 8 15 15 15 15 Final Carried 13 | 4 11 12 13 12 Class Distribution -------------------- 100% | Mutant Dominant Class ---------------- Mutant | -10/Materials Mutant | -10/Mines Mutant | -10/Exiles Mutant | -9/Mines Resources | -11 -10 -10 -10 -9 ----------- Run | Yrd Mat Min Exi Min Matter Collected 745 | 228 349 102 10 56 Remotely . | . . . . . Salvage Created 871 | . 525 209 . 137 Parts 55 | . 40 9 . 6 Haulers Intercepted 2 | . 2 . . . Recyclers Shooed . | . . . . . Parts Field Recycled . | . . . . . Retrieved Matter . | . . . . . Parts Self-Destructed . | . . . . . Prevented . | . . . . . Kills | -11 -10 -10 -10 -9 ------- Run | Yrd Mat Min Exi Min Combat Hostiles Destroyed 25 | . 12 5 . 8 Guns 12 | . 8 2 . 2 Cannons 4 | . . . . 4 AOE 9 | . 4 3 . 2 Classes Destroyed 9 | . 8 . . 1 Worker 2 | . 1 . . 1 Builder 1 | . 1 . . . Hauler 2 | . 2 . . . Recycler 2 | . 1 1 . . Operator 1 | . 1 . . . Watcher 3 | . 3 . . . Swarmer 9 | . 6 3 . . Grunt 9 | . 6 2 . 1 Assembled 7 | . . . . 7 Best Kill Streak 7 | . 5 3 . 7 Combat Bots Only 7 | . 3 3 . 7 Max Kills in Single Turn 2 | . 2 2 . 2 Gunslinging . | . . . . . Exploded 2 | . 2 2 . 2 Melee . | . . . . . Uniques/NPCs Destroyed . | . . . . . Combat | -11 -10 -10 -10 -9 -------- Run | Yrd Mat Min Exi Min Hostile Shots Fired 127 | . 68 28 . 31 Missed 33 | . 19 12 . 2 Damage Taken 1494 | . 494 262 . 738 Core 264 | . 111 58 . 95 Absorbed by Shields . | . . . . . Core Remaining (%) 100 | 100 . . . . Volleys Fired 107 | . 74 17 . 16 Largest 2 | . 2 2 . 2 Hottest 89 | . 80 80 . 89 Shots Fired 200 | . 141 28 . 31 Gun 164 | . 127 18 . 19 Cannon 27 | . 7 10 . 10 Launcher 9 | . 7 . . 2 Special . | . . . . . Kinetic 97 | . 67 14 . 16 Thermal 77 | . 67 10 . . Explosive 9 | . 7 . . 2 Electromagnetic 17 | . . 4 . 13 Robot Hit Streak 7 | . 7 7 . 7 Robot Miss Streak 5 | . 5 3 . 2 Penetration Max . | . . . . . Secondary Targets 2 | . 1 . . 1 Max Gunslinging Chain 1 | . 1 . . 1 Shots Hit Robots 117 | . 78 18 . 21 Core Hits 65 | . 39 9 . 17 Critical Kills . | . . . . . Critical Parts Destroyed . | . . . . . Critical Strikes 2 | . 2 . . . Burn 2 | . 2 . . . Melee Attacks . | . . . . . Impact . | . . . . . Slashing . | . . . . . Piercing . | . . . . . Sneak Attacks . | . . . . . Combat Hostiles . | . . . . . Follow-up Attacks . | . . . . . Damage Inflicted 1907 | . 1173 326 . 408 Guns 905 | . 690 89 . 126 Cannons 404 | . 86 124 . 194 Explosions 582 | . 397 113 . 72 Melee . | . . . . . Ramming 16 | . . . . 16 Kinetic 436 | . 274 66 . 96 Thermal 739 | . 502 237 . . Explosive 469 | . 397 . . 72 Electromagnetic 247 | . . 23 . 224 Impact . | . . . . . Slashing . | . . . . . Piercing . | . . . . . Highest Corruption . | . . . . . Average Corruption . | . . . . . Corruption Purged . | . . . . . Corruption Blocked . | . . . . . Overload Shots . | . . . . . Overflow Damage 23 | . 12 11 . . Projectiles . | . . . . . Explosions 23 | . 12 11 . . Melee . | . . . . . Knockbacks . | . . . . . Impact . | . . . . . Kinetic . | . . . . . Secondary . | . . . . . Self-Inflicted Damage 104 | . 19 57 . 28 Shots 5 | . 1 2 . 2 Rammed 1 | . . . . 1 Targets Rammed 2 | . . . . 2 Kicked . | . . . . . Crushed 1 | . . . . 1 Highest Temperature 396 | . 286 281 . 396 Average Temperature 94 | . 64 114 . 181 Received Heat Transfer 383 | . 147 96 . 140 Effects 7 | . 1 3 . 3 Shutdowns 1 | . . . . 1 Energy Bleed 2 | . . . . 2 Interference 4 | . 1 3 . . Siege Activations . | . . . . . Robots Corrupted . | . . . . . Combat Hostiles . | . . . . . Parts Fried . | . . . . . Impact Corruptions . | . . . . . Robots Melted . | . . . . . Combat Hostiles . | . . . . . Parts Melted 4 | . 3 1 . . Heat Transferred 1751 | . 1342 409 . . Parts Sabotaged . | . . . . . Parts Stolen . | . . . . . Parts Stripped . | . . . . . Power Chain Reactions 2 | . . 2 . . Alert | -11 -10 -10 -10 -9 ------- Run | Yrd Mat Min Exi Min Peak Influence 302 | . 302 75 . 78 Initial 19 | . . 19 . . Average 65 | . 126 27 . 26 Maximum Alert Level 1 | . 1 . . . Low Security (%) 87 | 100 67 100 . 100 Level 1 12 | . 32 . . . Level 2 . | . . . . . Level 3 . | . . . . . Level 4 . | . . . . . Level 5 . | . . . . . High Security . | . . . . . Max Security . | . . . . . Squads Dispatched 3 | . 2 . . 1 Investigation 1 | . . . . 1 Extermination . | . . . . . Reinforcement 2 | . 2 . . . Assault . | . . . . . Garrison . | . . . . . Intercept . | . . . . . Searches Triggered . | . . . . . Construction Impeded . | . . . . . Haulers Reinforced . | . . . . . Active Scanning Responses . | . . . . . Cargo Convoy Interrupts . | . . . . . Stealth | -11 -10 -10 -10 -9 --------- Run | Yrd Mat Min Exi Min Distress Signals 2 | . 2 . . . Communications Jammed . | . . . . . Distress Signals . | . . . . . Times Spotted 48 | . 21 5 . 22 Peak Tracking Total 13 | . 4 3 . 13 Tactical Retreats 2 | . . . . 2 Traps | -11 -10 -10 -10 -9 ------- Run | Yrd Mat Min Exi Min Traps Triggered 1 | . 1 . . . Indirectly . | . . . . . Trap Hack Attempts . | . . . . . Triggered . | . . . . . Disarmed . | . . . . . Reprogrammed . | . . . . . Reused . | . . . . . Traps Extracted . | . . . . . Installed . | . . . . . Triggered . | . . . . . Machines | -11 -10 -10 -10 -9 ---------- Run | Yrd Mat Min Exi Min Machines Disabled 1 | . 1 . . . Max in Single Turn 1 | . 1 . . . Machines Repaired . | . . . . . Machines Dismantled . | . . . . . Machines Sabotaged . | . . . . . Overloaded Fab Kills . | . . . . . Hacking | -11 -10 -10 -10 -9 --------- Run | Yrd Mat Min Exi Min Machines Accessed 14 | . 6 2 5 1 Terminals 6 | . 5 1 . . Fabricators . | . . . . . Repair Stations . | . . . . . Recycling Units 1 | . 1 . . . Scanalyzers . | . . . . . Garrison Access . | . . . . . Total Hacks 84 | . 27 6 50 1 Successful 68 | . 14 3 50 1 Failed 15 | . 12 3 . . Catastrophic 1 | . 1 . . . Database Lockouts 1 | . 1 . . . Manual 30 | . 24 5 1 . Terminals 28 | . 23 5 . . Fabricators . | . . . . . Repair Stations . | . . . . . Recycling Units 4 | . 4 . . . Scanalyzers . | . . . . . Garrison Access . | . . . . . Terminal Hacks 65 | . 11 3 50 1 Record 49 | . . . 49 . Prototype ID Bank 8 | . 6 2 . . Open Door 2 | . . 1 . 1 Level Access Points 1 | . 1 . . . Locate Traps 2 | . 2 . . . Dispatch Records 1 | . 1 . . . Registered Components 1 | . 1 . . . Derelict Proto ID Bank 1 | . . . 1 . Fabricator Hacks . | . . . . . Repair Station Hacks . | . . . . . Recycling Unit Hacks 1 | . 1 . . . Report Inventory 1 | . 1 . . . Scanalyzer . | . . . . . Garrison Access Hacks . | . . . . . Unauthorized Hacks 2 | . 2 . . . Terminals . | . . . . . Fabricators . | . . . . . Repair Stations . | . . . . . Recycling Units 2 | . 2 . . . Monitor 1 | . 1 . . . Mask 1 | . 1 . . . Scanalyzers . | . . . . . Garrison Access . | . . . . . Data Cores Recovered . | . . . . . Used . | . . . . . Hacking Detections 8 | . 7 1 . . Full Trace Events . | . . . . . Feedback Events . | . . . . . Feedback Blocked . | . . . . . Robot Schematics Acquired . | . . . . . Robots Built . | . . . . . Authchips . | . . . . . Time . | . . . . . Total Robot Build Rating . | . . . . . Part Schematics Acquired . | . . . . . Parts Built . | . . . . . Authchips . | . . . . . Time . | . . . . . Total Part Build Rating . | . . . . . Parts Repaired . | . . . . . Time . | . . . . . Parts Recycled . | . . . . . Recycled Matter . | . . . . . Retrieved Matter . | . . . . . Retrieved Components . | . . . . . Parts Scanalyzed . | . . . . . Part Schematics Acquired . | . . . . . Parts Damaged . | . . . . . Bothacking | -11 -10 -10 -10 -9 ------------ Run | Yrd Mat Min Exi Min Used RIF Installer . | . . . . . Robots Hacked . | . . . . . Non-combat . | . . . . . Combat . | . . . . . Robot Hacks Applied . | . . . . . Relay Couplers Released . | . . . . . Fabnet Peak Effective % . | . . . . . Robots Rewired . | . . . . . Allies Hacked . | . . . . . Hacks Repelled . | . . . . . Allies | -11 -10 -10 -10 -9 -------- Run | Yrd Mat Min Exi Min Total Allies 5 | . . . . 5 Largest Group 5 | . . . . 5 Highest-Rated Group 88 | . . . . 88 Highest-Rated Ally 31 | . . . . 31 Total Orders 3 | . . 2 . 1 ROAM 3 | . . 2 . 1 Ally Attacks 4 | . . . . 4 Total Damage 63 | . . . . 63 Kills 2 | . . . . 2 Allies Corrupted . | . . . . . Allies Melted . | . . . . . Intel | -11 -10 -10 -10 -9 ------- Run | Yrd Mat Min Exi Min Robot Analysis Total . | . . . . . Derelict Logs Recovered 3 | . . 2 . 1 Drone Launches 16 | . . 16 . . Drone Recoveries . | . . . . . Exploration | -11 -10 -10 -10 -9 ------------- Run | Yrd Mat Min Exi Min Turns Passed 4951 | 57 1564 1556 914 860 Spaces Moved 2594 | 34 729 898 571 362 Core 10 | 10 . . . . Treads 2314 | . 483 898 571 362 Legs 270 | 24 246 . . . Wheels . | . . . . . Hover . | . . . . . Flight . | . . . . . Fastest Speed 50 | 50 120 160 160 160 Average Speed 160 | 131 146 160 160 194 Slowest Speed 240 | 200 160 160 160 240 Overloaded Moves . | . . . . . Propulsion Burnouts . | . . . . . Robots Hopped . | . . . . . Cave-ins Triggered . | . . . . . Exploration Rate (%) 72 | 5 95 99 94 70 Regions Visited 4 Branch Regions 3 Pre-discovered Areas 2 | . . 1 1 . Known Exits Taken 2 | . . 1 1 . Unknown Exits Taken 2 | 1 1 . . . Scrap Searched 3 | . . 2 . 1 Spaces Dug . | . . . . . Terrain Destroyed 65 | . 33 10 . 22 Melee . | . . . . . Projectile . | . . . . . AOE 65 | . 33 10 . 22 Terrain Rammed . | . . . . . Walls Destroyed . | . . . . . Machines Disabled . | . . . . . Actions | -11 -10 -10 -10 -9 --------- Run | Yrd Mat Min Exi Min Total 3189 | 43 1093 992 572 489 Wait 395 | . 255 51 . 89 Move 2590 | 33 728 897 570 362 Hop . | . . . . . Pick Up 29 | 4 9 10 1 5 Fast Attach 18 | 6 5 5 . 2 Attach 5 | . . 3 . 2 Detach 2 | . 1 1 . . Swap 19 | . 13 2 . 4 Drop 21 | . 8 6 . 7 Fire 107 | . 74 17 . 16 Melee . | . . . . . Ram . | . . . . . Kick . | . . . . . Crush 2 | . . . . 2 Escape Stasis . | . . . . . Rewire 1 | . . . 1 . Trap . | . . . . . Miscellaneous . | . . . . . Route ------- -11/Scrapyard -10/Materials (discovered 5 exits: *Mat x3 / *Min x2) -10/Mines (discovered 4 exits: *Mat x2 / *Exi / *Sub) -10/Exiles (discovered 2 exits: *Min x2) -9/Mines (discovered 2 exits: *Mat x2) History --------- Turn | Location | Event 19 | -11/Scrapyard | Discovered new exit (range 15) 58 | -11/Scrapyard | Entered Materials 261 | -10/Materials | Discovered new exit (range 15) 281 | -10/Materials | Central database locked down 301 | -10/Materials | Build established: Mutant 353 | -10/Materials | Identified exit to Materials 563 | -10/Materials | Discovered new exit (range 10) 969 | -10/Materials | Discovered new exit (range 7) 1622 | -10/Materials | Entered Mines 1688 | -10/Mines | Learned location of Storage (-7) 1765 | -10/Mines | Found the Drone Emporium 1794 | -10/Mines | Found Prototype Device 1794 | -10/Mines | Identified Decoy Drone Bay 1816 | -10/Mines | Discovered exit to Materials (range 48) 1954 | -10/Mines | Learned Materials security intel 1986 | -10/Mines | Deemed a non-threat by the Exiles lab entrance 1986 | -10/Mines | Discovered new exit (range 5) 2169 | -10/Mines | Core integrity fell below 50% 2810 | -10/Mines | Discovered exit to Materials (range 5) 3072 | -10/Mines | Identified exit to Exiles 3119 | -10/Mines | Discovered new exit (range 5) 3124 | -10/Mines | Identified exit to Subcaves 3178 | -10/Mines | Entered Exiles 3204 | -10/Exiles | Discovered new exit (range 15) 3225 | -10/Exiles | Identified exit to Mines 3257 | -10/Exiles | Met 8R-AWN 3282 | -10/Exiles | Met EX-HEX 3358 | -10/Exiles | Met EX-DEC 3416 | -10/Exiles | Visited The Gauntlet 3641 | -10/Exiles | Learned location of Zion (-7) 3807 | -10/Exiles | Met EX-BIN 3829 | -10/Exiles | Aligned with FarCom system 3831 | -10/Exiles | Given EX-Vault access code 3899 | -10/Exiles | Opened EX-Vault 3907 | -10/Exiles | Found Superbattery 3942 | -10/Exiles | Warned to stay clear of 0b10 Research branches 4075 | -10/Exiles | Discovered exit to Mines (range 14) 4092 | -10/Exiles | Left Exiles lab with Superbattery 4092 | -10/Exiles | Entered Mines 4121 | -9/Mines | Met a Derelict bent on vengeance 4195 | -9/Mines | Learned Materials terminal intel 4356 | -9/Mines | Discovered new exit (range 5) 4360 | -9/Mines | Identified exit to Materials 4456 | -9/Mines | Met a Derelict shopkeep closing up shop 4603 | -9/Mines | Discovered exit to Materials (range 6) 4819 | -9/Mines | Assisted by bots powering up and referring to "LRC-V3" 4887 | -9/Mines | Assembled infested the area 4892 | -9/Mines | Assisted by a Guerilla fighting off Assembled 4943 | -9/Mines | Core integrity fell below 20% 4952 | -9/Mines | Destroyed by D-53 Grenadier with Mini Grenade Launcher Last Messages --------------- 04924_ as-79468 destroyed. 04932_ Overheating: Energy bleed (-19). 04933_ as-22738 misfires. 04936_ as-22738 destroyed. 04940_ K-01 Serf collects debris. 04942_ as-67671 destroyed. 04942_ as-74210 destroyed. 04942_ I2-H8F(z) destroyed. 04942_ K-01 Serf destroyed. 04942_ HG-VDI(g) destroyed. 04944_ Lgt. Treads destroyed. 04945_ The unstable cave ceiling collapses. 04946_ Power failure, Ion Engine shutdown. 04946_ Grenade Launcher destroyed. 04946_ as-68695 destroyed. 04947_ The unstable cave ceiling collapses. 04950_ Overheating: Energy bleed (-11). 04950_ The unstable cave ceiling collapses. 04950_ Imp. Medium Armor Plating destroyed. 04950_ Lgt. Assault Rifle destroyed. Map ----- +----------------------------------------------------+ | | | | | | | | | | | | | | | | | | | | | | | | | | | | | | | | | | | | | ?????????????????????????????????????????????????? | | ???????????????????????????##????????????????????? | | ???????????################ ######????? #????????? | | ??????###### ## #### < #???????? | | ??????# % % % ?????????? | | ??????# d ????????????? | | ??????# ## d #????????????????? | | ??????#### ##### @ #????????????????? | | ????????## ##???## #????????????????? | | ????????# ###?????# #????????????????? | | ??####### ##???????# #????????????????? | | #?# #????????### #????????????????? | | #?# ##?????????### #????????????????? | | #?# ##### #???????????# #????????????????? | | ??# #???# #???????????### ####????????????????? | | ??# #???# ????????? #???????????????????? | | ??#*#???# #######????????$#???????????????????? | | ??#%#???## ##??????????????##???????????????????? | | ??# #????####????????????????????????????????????? | | ??# #????????????????????????????????????????????? | | ### #????????????????????????????????????????????? | | "## #????????????????????????????????????????????? | | !## #????????????????????????????????????????????? | | ### #????????????????????????????????????????????? | | ## ##???????????????????????????????????????????? | | # ######??????????????????????????????????????? | | ##?????????????????????????????????????? | | ##????????????????????????????????????? | | #????????????????????????????????????? | | #????????????????????????????????????? | | #####?##?????????????????????????????? | | ##???????????????????????????? | +----------------------------------------------------+ Best States ------------- Heat Dissipation 35 Energy Generation 12 Energy Capacity 265 Matter Stores 300 Matter Capacity 300 Sight Range 16 Robot Scan Range 14 Terrain Scan Density 10 Armor Coverage 225 Resistance: KI 30 Evasion (%) 55 Recoil Reduction 2 Item Schematics ----------------- None Robot Schematics ------------------ None Fabricated ------------ Nothing Alien Tech Used ----------------- None Achievements -------------- None Challenges ------------ None Game ------ Seed GaussThrusterDatajack Manual? 0 Play Time 00:55:37 Cumulative 21.0 hours Start 2024.09.02 @ 03:36:14 End 2024.09.02 @ 05:09:40 Sessions 1 Manual Loads 0 Difficulty Rogue Special Mode None Game No. 17 Rogue 17 Adventurer 0 Explorer 0 Win Type - Total 0 Types 0/0/0/0/0/0/0/0/0 Lore% 13 Gallery% 15 Achievement% 30 Wizard Run 0 Options --------- Layout 0 ASCII 0 Keyboard 0 Movement Mouse Keybinds 0 Fullscreen 1 Font 16/SmallcapsGlow Map View 37x27 Zoom Use 76% Tactical HUD 1 Map Filters NONE Filters NONE Steam 1 RUN: 487e89d0-15a4-4787-a667-088ca77efcd4